 Dungeon Crawl Stone Soup version 0.31-a0-750-gfe7b580527 (webtiles) character file.

Game seed: 9464454612601448238

98 GreenGuy14 the Slasher (level 4, -67/41 HPs)
             Began as a Gnoll Chaos Knight on Sept 14, 2023.
             Was a Plaything of Xom.
             Blown up by an orb spider (glowing shapeshifter) (69 damage)
             ... with an orb of destruction
             ... on level 3 of the Dungeon.
             The game lasted 00:06:08 (1654 turns).

GreenGuy14 the Slasher (Gnoll Chaos Knight)         Turns: 1654, Time: 00:06:08

Health: -67/41     AC:  8    Str: 14    XL:     4   Next: 69%
Magic:  5/5        EV: 12    Int: 11    God:    Xom [..*...]
Gold:   81         SH:  0    Dex: 11    Spells: 5/5 levels left

rFire   . . .        a - +0 falchion (chaos)
rCold   . . .        (no shield)
rNeg    . . .        b - +2 leather armour
rPois   .            (no helmet)
rElec   .            (no cloak)
rCorr   .            (no gloves)
SInv    .            h - +2 pair of boots
Will    .....        (no amulet)
Stlth   +            d - ring of wizardry
HPRegen 0.26/turn    (no ring)
MPRegen 0.09/turn

%: wizardry (x1)
@: mighty
A: fangs 1, strong nose, distributed training
a: Renounce Religion


You were on level 3 of the Dungeon.
You worshipped Xom.
You were a toy of Xom.
You visited 1 branch of the dungeon, and saw 4 of its levels.

You collected 81 gold pieces.

Inventory:

Hand Weapons
 a - a +0 falchion of chaos (weapon)
Armour
 b - a +2 leather armour (worn)
 e - a +0 pair of boots
 h - a +2 pair of boots (worn)
Magical Staves
 f - a staff of earth
Jewellery
 d - a ring of wizardry (left hand)
Scrolls
 c - a scroll of butterflies
 j - a scroll of amnesia
 l - a scroll of blinking
 o - a scroll of identify
Potions
 g - a potion of ambrosia
 k - a potion of haste
 m - a potion of berserk rage {unknown}
 n - a potion of curing {unknown}


   Skills:
 + Level 6.6 Fighting
 + Level 1.2 Short Blades
 + Level 6.6 Long Blades
 + Level 1.2 Axes
 + Level 1.2 Maces & Flails
 + Level 1.2 Polearms
 + Level 1.2 Staves
 + Level 1.2 Ranged Weapons
 + Level 1.2 Throwing
 + Level 4.7 Armour
 + Level 2.8 Dodging
 + Level 1.2 Stealth
 + Level 1.2 Shields
 + Level 1.2 Unarmed Combat
 + Level 1.2 Spellcasting
 + Level 1.0 Conjurations
 + Level 1.0 Hexes
 + Level 1.0 Summonings
 + Level 1.0 Necromancy
 + Level 1.0 Translocations
 + Level 1.0 Transmutations
 + Level 1.0 Fire Magic
 + Level 1.0 Ice Magic
 + Level 1.0 Air Magic
 + Level 1.0 Earth Magic
 + Level 1.0 Poison Magic
 + Level 1.3 Invocations
 + Level 1.2 Evocations
 + Level 1.1 Shapeshifting


You had 5 spell levels left.
You didn't know any spells.
Your spell library contained the following spells:

 Spells                   Type           Power      Damage    Failure   Level
 Apportation              Tloc           4%         N/A       11%         1
 Kiss of Death            Conj/Necr      8%         2d6       11%         1
 Jinxbite                 Hex            4%         N/A       16%         2
 Confusing Touch          Hex            2%         N/A       28%         3
 Volatile Blastmotes      Fire/Tloc      4%         2d10      28%         3
 Dispel Undead            Necr           2%         3d7       65%         4
 Fulminant Prism          Conj/Hex       1%         3d5       65%         4
 Iskenderun's Mystic Bla  Conj/Tloc      2%         2d3       65%         4
 Alistair's Intoxication  Tmut/Pois      1%         N/A       93%         5


Dungeon Overview and Level Annotations

Branches:
Dungeon (4/15)             Temple (0/1) D:4

Altars:

Shops:
D:2 =


Innate Abilities, Weirdness & Mutations

You have very sharp teeth.
Your uncanny sense of smell can sniff out nearby items.
Your experience applies equally to all skills.


Message History

Your Poison Magic skill increases to level 1!
You slash the gnoll! You burn the gnoll.
You kill the gnoll!
The gnoll closely misses you.
The gnoll hits you from afar with a +0 halberd.
The ball python closely misses you. The ball python constricts you.
You slash the gnoll!
The gnoll changes into a glowing shapeshifter!
Xom roars with laughter!
The glowing shapeshifter is severely wounded.
The glowing shapeshifter changes into an orb spider!
The ball python is no longer moving slowly.
The gnoll hits you from afar with a +0 halberd!
* * * LOW HITPOINT WARNING * * *
You hit the orb spider. You freeze the orb spider. You punch the orb spider.
The orb spider is moderately wounded.
The ball python misses you. The ball python constricts you.
The gnoll misses you.
The orb spider begins to weave its threads into a brightly glowing ball.
The ball python bites you but does no damage.
The ball python constricts you.
The ball python's grasp on you weakens, but your attempt to escape fails.
The gnoll hits you from afar with a +0 halberd.
* * * LOW HITPOINT WARNING * * *
The ball python bites you but does no damage.
The ball python constricts you.
* * * LOW HITPOINT WARNING * * *
You escape the ball python's grasp.
The orb spider weaves a glowing orb of energy.
The gnoll closely misses you.
An orb of destruction comes into view.
Things that are here:
a +0 whip; a gnoll corpse The ball python closely misses you.
The ball python barely misses you.
The ball python bites you but does no damage.
The ball python grabs you. The ball python constricts you.
You escape the ball python's grasp.
The orb of destruction hits you!!!
Ouch! That really hurt!
You die...
Xom snickers!

..∆ #... ... #..
... ##.. ###.##..#
+.....s.#.#.. .
##+#.○.#.#.#...#
#..g.S○#.#.#.#.#
#....#☼#.#.#.#.# #
+....#@#.#.#...#.#
#... #.#.#.......#
##+# #.#.......[..
#.......# #.. .#
#####+..#
###..##.#. #...##
.......#.# #.###
#.....#.# ##†#
#..#.##.###..#


You could see an orb spider shaped shifter and a ball python.

Vanquished Creatures
  A hound (D:4)
  3 gnolls
  A dart slug (D:1)
  An orc (D:4)
  A bat (D:1)
  4 endoplasms
  3 goblins
  6 hobgoblins
  A quokka (D:1)
  5 ball pythons
  2 frilled lizards
  A kobold (D:4)
  6 rats
35 creatures vanquished.

Notes
Turn   | Place    | Note
-------+----------+-------------------------------------------
     0 | D:1      | GreenGuy14 the Gnoll Chaos Knight began the quest for the
                  | Orb.
     0 | D:1      | Reached XP level 1. HP: 23/23 MP: 1/1
    21 | D:1      | XOM: divination: detect creatures
    22 | D:1      | Found a faded altar of an unknown god.
   229 | D:1      | XOM: silly message
   361 | D:1      | Reached XP level 2. HP: 29/29 MP: 2/2
   658 | D:1      | XOM: cloud trail
   679 | D:1      | XOM: noise
   697 | D:1      | XOM is BORED!
   697 | D:1      | XOM: noise
   853 | D:1      | Reached XP level 3. HP: 30/35 MP: 3/3
  1162 | D:2      | Found Ysaxum's Jewellery Emporium.
  1220 | D:2      | You fall into a shaft and drop 2 floors!
  1323 | D:4      | Reached skill level 1 in Invocations
  1353 | D:4      | Found a staircase to the Ecumenical Temple.
  1378 | D:4      | Reached skill level 1 in Short Blades
  1378 | D:4      | Reached skill level 1 in Axes
  1378 | D:4      | Reached skill level 1 in Maces & Flails
  1378 | D:4      | Reached skill level 1 in Polearms
  1378 | D:4      | Reached skill level 1 in Staves
  1378 | D:4      | Reached skill level 1 in Ranged Weapons
  1378 | D:4      | Reached skill level 1 in Throwing
  1378 | D:4      | Reached skill level 1 in Stealth
  1378 | D:4      | Reached skill level 1 in Shields
  1378 | D:4      | Reached skill level 1 in Unarmed Combat
  1378 | D:4      | Reached skill level 1 in Spellcasting
  1378 | D:4      | Reached skill level 1 in Evocations
  1378 | D:4      | Reached skill level 1 in Shapeshifting
  1378 | D:4      | Reached XP level 4. HP: 39/41 MP: 5/5
  1546 | D:4      | XOM: 3-stop teleportation journey
  1644 | D:3      | XOM: cast spell 'Metabolic Englaciation'
  1648 | D:3      | Reached skill level 1 in Conjurations
  1648 | D:3      | Reached skill level 1 in Hexes
  1648 | D:3      | Reached skill level 1 in Summonings
  1648 | D:3      | Reached skill level 1 in Necromancy
  1648 | D:3      | Reached skill level 1 in Translocations
  1648 | D:3      | Reached skill level 1 in Transmutations
  1648 | D:3      | Reached skill level 1 in Fire Magic
  1648 | D:3      | Reached skill level 1 in Ice Magic
  1648 | D:3      | Reached skill level 1 in Air Magic
  1648 | D:3      | Reached skill level 1 in Earth Magic
  1648 | D:3      | Reached skill level 1 in Poison Magic
  1649 | D:3      | a gnoll changed into a glowing shapeshifter
  1649 | D:3      | Noticed a glowing shapeshifter (glowing shapeshifter)
  1649 | D:3      | a glowing shapeshifter changed into an orb spider
  1649 | D:3      | Noticed an orb spider (glowing shapeshifter)
  1651 | D:3      | HP: 2/41 [gnoll/+0 halberd (6)]
  1654 | D:3      | Blown up by an orb spider (glowing shapeshifter)

Illustrated notes

Levels and vault maps discovered:
D:1:      scummos_arrival_checkerplants, layout_basic,
          shapermc_ecumenical_altar_mp_ritualfount, amcnicky_mini_pool_small
D:2:      layout_rooms, serial_shops, shop, kennysheep_pointless_box
D:3:      layout_basic, mainiacjoe_overflow_tiny_flanked, serial_glass,
          glass_columns_a, glass_columns_a, minmay_misc_feat_more_columns,
          uniq_robin, uniq_crazy_yiuf_cottage
D:4:      layout_basic, minmay_temple_entry_overgrown, roderic_batcave,
          kennysheep_generic_room_11

Skill      XL: |  1  2  3  4 |
---------------+-------------+-----
Invocations    | 1 |  1.3
Short Blades   | 1 |  1.2
Axes           | 1 |  1.2
Maces & Flails | 1 |  1.2
Polearms       | 1 |  1.2
Staves         | 1 |  1.2
Ranged Weapons | 1 |  1.2
Throwing       | 1 |  1.2
Stealth        | 1 |  1.2
Shields        | 1 |  1.2
Unarmed Combat | 1 |  1.2
Spellcasting   | 1 |  1.2
Evocations     | 1 |  1.2
Shapeshifting  | 1 |  1.1
Conjurations   | 1 |  1.0
Hexes          | 1 |  1.0
Summonings     | 1 |  1.0
Necromancy     | 1 |  1.0
Translocations | 1 |  1.0
Transmutations | 1 |  1.0
Fire Magic     | 1 |  1.0
Ice Magic      | 1 |  1.0
Air Magic      | 1 |  1.0
Earth Magic    | 1 |  1.0
Poison Magic   | 1 |  1.0
Fighting       | |  6.6
Long Blades    | |  6.6
Armour         | |  4.7
Dodging        | |  2.8

Action                     |  1- 3 |  4- 6 || total
---------------------------+-------+-------++-------
  Melee: Falchion          |   119 |    16 ||   135
         Bite              |    21 |     2 ||    23
         Punch             |     2 |     1 ||     3
    Use: Potion            |     4 |     1 ||     5
         Scroll            |     5 |     2 ||     7
 Armour: Leather armour    |    51 |    27 ||    78
  Dodge: Dodged            |    53 |    27 ||    80

Table legend: (Time is in decaauts)
 A = Elapsed time spent in this place.
 B = Non-inter-level travel time spent in this place.
 C = Inter-level travel time spent in this place.
 D = Time resting spent in this place.
 E = Time spent auto-exploring this place.
 F = Levels seen in this place.
 G = Mean time per level.
                   A        B        C        D        E       F      G
               +--------+--------+--------+--------+--------+-----+--------+
         Total |   1649 |   1646 |      3 |      0 |    803 |   4 |  412.2 |
       Dungeon |   1649 |   1646 |      3 |      0 |    803 |   4 |  412.2 |
               +--------+--------+--------+--------+--------+-----+--------+

Top non-repeatable levels by time:
     D:1: 1023 daAuts
     D:4: 380 daAuts
     D:2: 193 daAuts
     D:3: 52 daAuts
